Map: Prion Terraces

Players

Nerchio

  • Race: Zerg Zerg
  • League: Grandmaster

MarineLorD - Winner!

  • Race: Terran Terran
  • League: Platinum

Event: Homestory Cup XII

VOD

Have the link to the VOD?

Description

Time

  • Played on: Dec. 17, 2015, 9:31 a.m.
  • Length: 5:12

All games in this series

Show
View Real Time Build Order
Export as new Build Order

Nerchio Zerg 

Build Orders: Hatch First 

Get SALT Encoding   

  12  0:00  Drone  
  13  0:12  Overlord  
  13  0:17  Drone  
  14  0:30  Drone x2  
  14  0:34  Drone  
  17  0:53  Hatchery  
  17  0:55  Drone  
  17  0:59  Drone  
  18  1:11  Spawning Pool  
  18  1:15  Drone  
  18  1:18  Drone  
  19  1:21  Extractor  
  18  1:28  Drone  
  19  1:38  Overlord  
  19  1:58  Queen, Zergling x2  
  22  2:01  Zergling x2  
  22  2:02  Roach Warren  
  22  2:06  Zergling x2  
  23  2:10  Extractor  
  21  2:18  Spore Crawler  
  21  2:22  Drone  
  20  2:25  Drone  
  22  2:42  Roach  
  22  2:43  Roach x2  
  27  2:51  Roach  
  24  3:08  Roach  
  26  3:20  Roach  
  27  3:27  Zergling x2  
  27  3:32  Drone  
  29  3:39  Drone  
  29  3:55  Drone x2  
  27  4:05  Drone x2  
  30  4:13  Roach  
  29  4:19  Queen  
  29  4:26  Extractor  
  20  4:50  Zergling x6  
  20  4:51  Zergling x2  
Show
View Real Time Build Order
Export as new Build Order

MarineLorD Terran - Winner!

Build Orders:  

Get SALT Encoding   

  12  0:00  SCV  
  13  0:13  Supply Depot  
  13  0:25  Refinery  
  13  0:35  Barracks  
  13  0:54  Barracks  
  13  1:00  SCV  
  14  1:12  SCV  
  15  1:23  Reaper  
  16  1:30  Orbital Command  
  16  1:42  Bunker  
  16  1:45  Reaper  
  17  1:55  Reaper  
  17  1:56  SCV  
  19  2:08  SCV  
  20  2:17  Reaper  
  20  2:20  SCV  
  22  2:26  Supply Depot  
  22  2:27  Reaper  
  23  2:33  Bunker  
  23  2:42  Supply Depot  
  23  2:43  Supply Depot  
  23  2:47  SCV  
  24  2:55  Reaper  
  24  2:59  SCV  
  24  3:02  Reaper  
  26  3:12  SCV  
  26  3:24  SCV  
  27  3:27  Reaper  
  27  3:36  SCV  
  28  3:41  Reaper  
  28  3:48  SCV  
  30  3:51  Command Center  
  30  3:59  Reaper  
  30  4:00  SCV  
  32  4:12  SCV  
  33  4:18  Command Center, Reaper  
  34  4:24  SCV  
  34  4:25  Refinery  
  34  4:36  SCV  
  35  4:48  SCV  
  35  5:00  Barracks  
  36  5:01  Barracks  
Tags
 
Add a new tag
Caveats
  • Supply blocks, unpowered buildings, or Contaminate may cause inaccurate times.
  • Supply counts are checked every 10 seconds.